 Dungeon Crawl Stone Soup version 0.29.0-10-g45618ea6d2 (webtiles) character file.

Game seed: 17493975953747640717

78 night the Trooper (level 4, -3/30 HPs)
             Began as a Gargoyle Monk on Sept 1, 2022.
             Slain by a gnoll
             ... wielding a +0 flail
              (10 damage)
             ... on level 2 of the Dungeon.
             The game lasted 00:01:37 (1063 turns).

night the Trooper (Gargoyle Monk)                   Turns: 1063, Time: 00:01:37

Health: -3/30      AC:  5    Str: 15    XL:     4   Next: 36%
Magic:  4/4        EV: 12    Int: 12    God:
Gold:   86         SH:  0    Dex: 12    Spells: 3/3 levels left

rFire   . . .      SeeInvis .   l - +0 morningstar
rCold   . . .      Faith    .   (no shield)
rNeg    + . .      Spirit   .   b - +0 robe
rPois   ∞          Reflect  .   (no helmet)
rElec   +          Harm     .   (no cloak)
rCorr   .          Rampage  .   (no gloves)
Will    .....                   (no boots)
Stlth   ++........              k - amulet of the acrobat
HPRegen 0.10/turn               (no ring)
MPRegen 0.09/turn               (no ring)

@: no status effects
A: sickness immunity, AC +3, negative energy resistance 1, electricity
resistance, torment resistance 1, petrification resistance
a: no special abilities


You were on level 2 of the Dungeon.
You visited 1 branch of the dungeon, and saw 2 of its levels.

You collected 86 gold pieces.

Inventory:

Hand Weapons
 a - a +0 mace
 l - a +0 morningstar (weapon)
Missiles
 d - 5 stones (quivered)
 n - 3 boomerangs
 p - a throwing net
Armour
 b - a +0 robe (worn)
Jewellery
 k - an amulet of the acrobat (around neck)
Scrolls
 e - a scroll of teleportation {unknown}
 g - 4 scrolls of immolation {unknown}
 h - a scroll of blinking {unknown}
 i - a scroll of amnesia {unknown}
 m - a scroll of poison {unknown}
 o - a scroll of identify {unknown}
Potions
 c - a potion of ambrosia
 f - 2 potions of heal wounds {unknown}
 j - a potion of curing {unknown}


   Skills:
 + Level 4.5 Fighting
 + Level 4.1 Maces & Flails
 - Level 2.4 Dodging
 - Level 2.1 Stealth


You had 3 spell levels left.
You didn't know any spells.
Your spell library was empty.

Dungeon Overview and Level Annotations

Branches:
Dungeon (2/15)

Altars:


Innate Abilities, Weirdness & Mutations

You are immune to sickness and miasma.
Your stone body is resilient. (AC +3)
You are immune to poison.
You resist negative energy. (rN+)
You are resistant to electric shocks. (rElec)
You are resistant to unholy torment.
You are immune to petrification.


Message History

Your Maces & Flails skill increases to level 4!
A gnoll comes into view. It is wielding a +0 whip.
Found a book of Conjurations.
The gnoll shouts!
A gnoll comes into view. It is wielding a +0 club.
The gnoll misses you.
Things that are here:
a +0 dagger; a goblin corpse You barely miss the gnoll.
The gnoll barely misses you.
You barely miss the gnoll.
A gnoll comes into view. It is wielding a +0 halberd.
You thump the gnoll!
The gnoll is almost dead.
The gnoll misses you.
You puncture the gnoll!
You kill the gnoll!
You closely miss the gnoll. The gnoll misses you. The gnoll barely misses you.
The gnoll misses you. The gnoll barely misses you.
You hit the gnoll but do no damage. The gnoll hits you with a +0 whip.
The gnoll completely misses you.
You puncture the gnoll!
You kill the gnoll!
The gnoll barely misses you.
You closely miss the gnoll. The gnoll barely misses you.
The gnoll completely misses you.
You completely miss the gnoll. The gnoll barely misses you.
The gnoll hits you from afar with a +0 halberd.
The gnoll hits you with a +0 flail! The gnoll barely misses you.
You barely miss the gnoll. The gnoll hits you with a +0 flail.
The gnoll hits you from afar with a +0 halberd.
You hit the gnoll.
The gnoll is moderately wounded.
The gnoll barely misses you.
The gnoll hits you from afar with a +0 halberd.
* * * LOW HITPOINT WARNING * * *
You hit the gnoll but do no damage.
The gnoll is moderately wounded.
The gnoll closely misses you. The gnoll barely misses you.
The gnoll hits you with a +0 flail!
You die...

##...###.#
...........)..#
##.## #.#
#####........#.# #.#
#.# .# #.#.######.#
####.####.###.#
#.#.# .#
..............#
#.#.#
####..###...###
#.#.# #..........#
.#.#
##.#####.#.####....#
#.# #.#...@gg...#
#.# #.######.<.##
..# #.# :## ... ...
# #### ###


You could see 2 gnolls.

Vanquished Creatures
  5 gnolls (D:2)
  An adder (D:2)
  2 endoplasms (D:1)
  A giant cockroach (D:1)
  2 goblins (D:2)
  3 hobgoblins
  A ball python (D:2)
  2 bats (D:1)
  2 frilled lizards (D:1)
  3 kobolds (D:1)
  4 rats (D:1)
26 creatures vanquished.

Notes
Turn   | Place    | Note
-------+----------+-------------------------------------------
     0 | D:1      | night the Gargoyle Monk began the quest for the Orb.
     0 | D:1      | Reached XP level 1. HP: 14/14 MP: 1/1
   355 | D:1      | Reached XP level 2. HP: 18/19 MP: 2/2
   574 | D:1      | Found a faded altar of an unknown god.
   781 | D:2      | Reached XP level 3. HP: 24/24 MP: 3/3
   885 | D:2      | Reached XP level 4. HP: 17/30 MP: 4/4
  1063 | D:2      | Slain by a gnoll

Illustrated notes

Levels and vault maps discovered:
D:1:      minmay_arrival_diagonal_passages, layout_basic,
          ebering_ecumenical_altar_mist, serial_curves, eino_curves_01,
          eino_curves_04
D:2:      layout_loops_ring, uniq_terence

Skill      XL: |  1  2  3  4 |
---------------+-------------+-----
Fighting       | 4 |  4.5
Maces & Flails | 4 |  4.1
Dodging        | |  2.4
Stealth        | |  2.1

Action                   |  1- 3 |  4- 6 || total
-------------------------+-------+-------++-------
Melee: Mace              |    19 |       ||    19
       Morningstar       |    35 |    13 ||    48
       Punch             |     1 |       ||     1
 Stab: Sleeping          |     1 |       ||     1
Armor: Robe              |    18 |       ||    18
Dodge: Dodged            |    46 |    16 ||    62
